 Dungeon Crawl Stone Soup version 0.29.1-12-g30fa7ad0bf (webtiles) character file.

Game seed: 17478716618423986408

10341 Gabide the Grappler (level 11, 0/89 HPs)
             Began as a Mummy Berserker on Jan 15, 2023.
             Was a Priest of Trog.
             Killed from afar by an acid dragon (19 damage)
             ... with a splash of acid
             ... on level 11 of the Dungeon.
             The game lasted 00:33:12 (17064 turns).

Gabide the Grappler (Mummy Berserker)              Turns: 17064, Time: 00:33:13

Health: 0/89       AC:  4    Str: 25    XL:     11   Next: 34%
Magic:  11/11      EV: 14    Int:  6    God:    Trog [***...]
Gold:   54         SH:  0    Dex: 12    Spells: 10/10 levels left

rFire   . . .      SeeInvis .     - Unarmed
rCold   + + .      Faith    .   (no shield)
rNeg    + + +      Spirit   .   q - +1 troll leather armour
rPois   ∞          Reflect  .   a - +2 helmet
rElec   .          Harm     .   l - +2 cloak
rCorr   .          Rampage  .   e - +0 pair of gloves
Will    +....                   (no boots)
Stlth   +.........              j - amulet of regeneration
HPRegen 1.84/turn               x - ring of protection from cold
MPRegen 0.12/turn               w - ring of protection from fire

@: corroded
A: cold resistance 1, negative energy resistance 3, torment resistance 2, heat
vulnerability 1, in touch with death 1, no potions
a: Renounce Religion, Trog's Hand


You were on level 11 of the Dungeon.
You worshipped Trog.
Trog was most pleased with you.
You visited 1 branch of the dungeon, and saw 11 of its levels.
You also visited: Sewer.

You collected 1051 gold pieces.
You spent 997 gold pieces at shops.

Inventory:

Missiles
 h - 32 poisoned darts
 t - 13 javelins (quivered)
Armour
 a - a +2 helmet (worn)
 e - a +0 pair of gloves (worn)
 l - a +2 cloak (worn)
 q - a +1 troll leather armour (worn)
Jewellery
 j - an amulet of regeneration (around neck)
 w - a ring of protection from fire (right hand)
 x - a ring of protection from cold (left hand)
Wands
 s - a wand of flame (25)
Scrolls
 c - a scroll of enchant weapon
 d - a scroll of blinking
 f - 9 scrolls of teleportation
 g - 2 scrolls of magic mapping
 i - a scroll of brand weapon
 k - a scroll of amnesia {unknown}
 n - a scroll of torment {unknown}
 o - 2 scrolls of vulnerability
 p - a scroll of poison {unknown}
 r - a scroll of enchant armour
 u - a scroll of identify


   Skills:
 + Level 9.6 Fighting
 - Level 1.5 Armour
 + Level 7.7 Dodging
 * Level 11.0 Unarmed Combat


You had 10 spell levels left.
You didn't know any spells.
Your spell library was empty.

Dungeon Overview and Level Annotations

Branches:
Dungeon (11/15)            Temple (0/1) D:6            Lair (0/5) D:9
    Orc (0/2) D:11          Sewer (visited)

Altars:
Fedhas
Hepliaklqana
Kikubaaqudgha
Okawaru
Ru

Shops:
D:1 *[[=   D:2 *


Innate Abilities, Weirdness & Mutations

You are immune to poison.
Your flesh is cold resistant. (rC+)
You are immune to negative energy. (rN+++)
You are immune to unholy pain and torment.
You are vulnerable to heat. (rF-)
You are in touch with the powers of death.
You do not drink.


Message History

The boulder beetle stops rolling and uncurls.
You hit the acid dragon. Your punch misses the acid dragon.
The acid dragon is heavily wounded.
The acid dragon misses you.
The acid dragon claws you but does no damage.
You hit the acid dragon but do no damage.
The acid dragon is heavily wounded.
The boulder beetle misses you. The acid dragon spits acid at you.
The splash of acid hits you!! The acid corrodes you!
You hear a shout!
You are too injured to fight recklessly!
You are too injured to fight recklessly!
You are too injured to fight recklessly!
You are too injured to fight recklessly!
You are too injured to fight recklessly!
You are too injured to fight recklessly!
You are too injured to fight recklessly!
You are too injured to fight recklessly!
You are too injured to fight recklessly!
You are too injured to fight recklessly!
You are too injured to fight recklessly!
You are too injured to fight recklessly!
You are too injured to fight recklessly!
You are too injured to fight recklessly!
You are too injured to fight recklessly!
You are too injured to fight recklessly!
The boulder beetle leaps!
Really walk into that dispersal trap? [Y]es or [N]o only, please.
Really walk into that dispersal trap?
You enter a dispersal trap!
The boulder beetle leaps!
The acid dragon blinks!
The boulder beetle leaps! x2; You blink.
The boulder beetle leaps!
The acid dragon spits acid at you. The splash of acid hits you!!
* * * LOW HITPOINT WARNING * * *
The acid corrodes you! The acid dragon spits acid at you.
The splash of acid hits you!!
You die...

.# #........##....##.#
#... .# #.............#
#.# #.##
.##........^###.#
#.###.## .....○......#
#.# #...#.## #......D...#
#.#####.#.##
#.####.#'#+###....#.....#
#...##.#.......##.#..#(.#
#.##.#...!...##....#...
#....#@..:!..##....#.##
####.#<......##....#.#
#.)##+######....#.##
#.....# #....#... ##..)##
#....#... ###.##
#....#... #.)## #....#)##
##..## ..#.# ##..#####
#.#.#


You could see an acid dragon (catching breath).

Vanquished Creatures
  A hydra (D:11)
  A boulder beetle (D:9)
  2 two-headed ogres
  A cyclops (D:11)
  A gargoyle (D:10)
  2 komodo dragons
  3 trolls
  3 slime creatures (D:9)
  Sigmund (D:5)
  2 wraiths
  3 wyverns
  3 yaks (D:10)
  A steam dragon (D:10)
  3 vampire mosquitoes (D:10)
  A water moccasin (D:7)
  2 acid dragons
  2 orc warriors (D:11)
  2 sky beasts (D:7)
  A centaur (D:9)
  3 phantoms
  5 bullfrogs
  3 necrophages
  2 gnoll sergeants
  5 scorpions
  8 wights (D:10)
  6 killer bees
  2 electric eels (D:10)
  4 howler monkeys
  A lava snake (D:9)
  2 orc priests
  4 hounds
  A jelly (D:8)
  2 gnoll boudas
  Terence (D:2)
  2 iguanas
  3 orc wizards
  21 gnolls
  17 adders
  6 river rats (Sewer)
  A shadow imp (D:7)
  2 white imps (D:7)
  An ufetubus (D:6)
  A worm (D:3)
  4 dart slugs
  21 orcs
  5 endoplasms
  2 giant cockroaches
  4 goblins
  2 hobgoblins (D:2)
  9 kobolds
  9 quokkas
  11 ball pythons
  3 bats
  3 frilled lizards (D:3)
  24 rats
235 creatures vanquished.

Vanquished Creatures (collateral kills)
  A ball python (Sewer)
  A frilled lizard (Sewer)
2 creatures vanquished.

Vanquished Creatures (others)
  2 ball pythons (Sewer)
  21 plants
23 creatures vanquished.

Grand Total: 260 creatures vanquished

Notes
Turn   | Place    | Note
-------+----------+-------------------------------------------
     0 | D:1      | Gabide the Mummy Berserker began the quest for the Orb.
     0 | D:1      | Reached XP level 1. HP: 18/18 MP: 1/1
   405 | D:1      | Found Rerr's Jewellery Emporium.
   626 | D:1      | Found Saimpei's Antique Armour Shoppe.
   703 | D:1      | Found Fivvaf's Antique Armour Emporium.
   734 | D:1      | Bought a transparent leather armour for 140 gold pieces
   734 | D:1      | Identified the +1 leather armour of the Frog {rPois rF+}
                  | (You bought it in a shop on level 1 of the Dungeon)
   781 | D:1      | Reached XP level 2. HP: 23/24 MP: 2/2
   914 | D:1      | Found Puop's Assorted Antiques.
  1602 | D:2      | Reached skill level 3 in Unarmed Combat
  1741 | D:1      | Gained mutation: You are in touch with the powers of death.
                  | [Mummy growth]
  1741 | D:1      | Reached XP level 3. HP: 25/29 MP: 3/3
  2053 | D:2      | Noticed Terence
  2065 | D:2      | Killed Terence
  2066 | D:2      | Reached XP level 4. HP: 36/36 MP: 4/4
  2669 | D:2      | Found a faded altar of an unknown god.
  2722 | D:2      | Found Cypraph's Assorted Antiques.
  2985 | D:2      | Found a blossoming altar of Fedhas.
  3065 | D:3      | Reached ** piety under Trog
  3216 | D:3      | Reached XP level 5. HP: 40/42 MP: 5/5
  3230 | D:3      | Reached skill level 4 in Unarmed Combat
  4342 | D:4      | Noticed a phantom
  4359 | D:3      | Killed a phantom
  4360 | D:3      | Reached XP level 6. HP: 47/48 MP: 6/6
  4782 | D:4      | Found a sacrificial altar of Ru.
  5193 | D:4      | Reached skill level 5 in Unarmed Combat
  5193 | D:4      | Reached XP level 7. HP: 51/55 MP: 7/7
  5587 | D:5      | Entered Level 5 of the Dungeon
  5932 | D:5      | Reached skill level 5 in Fighting
  6451 | D:5      | Noticed Sigmund
  6466 | D:5      | Killed Sigmund
  6593 | D:5      | Reached skill level 6 in Unarmed Combat
  6593 | D:5      | Reached XP level 8. HP: 45/63 MP: 8/8
  6945 | D:6      | Found a staircase to the Ecumenical Temple.
  7008 | D:6      | Found a glowing drain.
  7017 | Sewer    | Entered a sewer
  7046 | Sewer    | Reached *** piety under Trog
  8224 | D:6      | Noticed a troll
  8706 | D:6      | Killed a troll
  8707 | D:6      | Reached skill level 5 in Dodging
  8707 | D:6      | Reached skill level 7 in Unarmed Combat
  9026 | D:7      | Reached XP level 9. HP: 47/71 MP: 9/9
 10071 | D:7      | Reached skill level 8 in Unarmed Combat
 10083 | D:7      | Reached **** piety under Trog
 11552 | D:8      | Found an ancient bone altar of Kikubaaqudgha.
 12163 | D:9      | Noticed a troll
 12294 | D:9      | Killed a troll
 12615 | D:9      | Found a staircase to the Lair.
 12616 | D:9      | Noticed a komodo dragon
 12633 | D:9      | Killed a komodo dragon
 12634 | D:9      | Reached skill level 9 in Unarmed Combat
 12634 | D:9      | Reached XP level 10. HP: 43/80 MP: 10/10
 13098 | D:9      | Noticed a boulder beetle
 13112 | D:9      | Killed a boulder beetle
 13926 | D:1      | Bought a glowing cloak for 232 gold pieces
 14317 | D:1      | Bought a pair of gloves for 90 gold pieces
 14531 | D:10     | Entered Level 10 of the Dungeon
 14577 | D:10     | Found an iron altar of Okawaru.
 14692 | D:10     | Reached skill level 10 in Unarmed Combat
 14855 | D:10     | Found a hazy altar of Hepliaklqana.
 14856 | D:10     | Identified a scroll of acquirement
 14857 | D:10     | Acquired 464 gold pieces
 15120 | D:1      | Bought an amulet of regeneration for 420 gold pieces
 15449 | D:10     | Noticed a gargoyle
 15462 | D:10     | Killed a gargoyle
 15694 | D:10     | Reached XP level 11. HP: 63/89 MP: 11/11
 16088 | D:10     | Noticed a two-headed ogre
 16128 | D:10     | Killed a two-headed ogre
 16529 | D:1      | Bought an agate ring for 115 gold pieces
 16783 | D:11     | Noticed a boulder beetle
 16828 | D:11     | Found a staircase to the Orcish Mines.
 16882 | D:11     | Noticed an eight-headed hydra
 16895 | D:11     | Killed an eight-headed hydra
 16952 | D:11     | Noticed a two-headed ogre
 16989 | D:11     | Killed a two-headed ogre
 16990 | D:11     | Reached skill level 11 in Unarmed Combat
 17064 | D:11     | Killed from afar by an acid dragon

Illustrated notes

Levels and vault maps discovered:
D:1:      saegor_arrival_fortress, layout_basic, serial_shops, shop_statue,
          shop, nicolae_shop_behind_doors, shop_coins
D:2:      layout_rooms, serial_shops, shop_fountains, basic_altar, serial_bayou,
          serial_bayou_pond_c, serial_bayou_lagoon_b, serial_bayou_pond_c,
          serial_bayou_shore_a, dilly_ecumenical_altar_fadedgnrine,
          chequers_serial_rivers_micro_d, serial_bayou_pond_e, uniq_terence
D:3:      layout_basic, minmay_joined_circles
D:4:      layout_layer_cave, kennysheep_mini_moat
D:5:      layout_gridville, fountainhead, nicolae_fountain_basement,
          uniq_sigmund
D:6:      layout_basic, minmay_temple_entry_offerings, portal_sewer_entry_d,
          skrybe_limestone_x
D:7:      layout_cave_pods, serial_glass, glass_columns_c, glass_columns_a,
          glass_columns_a, glass_columns_a, glass_columns_a, glass_columns_a,
          glass_columns_a, glass_columns_c, kennysheep_generic_room_3
D:8:      layout_loops_corners, nicolae_overflow_crystal_walls,
          grunt_ministairs_1
D:9:      layout_loops_ring, elyvilon_altar_4, david_lair_shrubbed,
          kennysheep_cross_room
D:10:     layout_basic, okawaru_metal_pillars_1_2,
          nicolae_hepliaklqana_hazy_memory
D:11:     layout_basic, orc_0_dummy

Skill      XL: |  1  2  3  4  5  6  7  8  9 10 11 |
---------------+----------------------------------+-----
Unarmed Combat | 3 4 5 6 7 9 10 11 | 11.0
Dodging        | 2 3 4 5 6 7 |  7.7
Fighting       | 4 5 6 7 9 |  9.6
Armour         | |  1.5

Action                   |  1- 3 |  4- 6 |  7- 9 | 10-12 || total
-------------------------+-------+-------+-------+-------++-------
Melee: Unarmed           |    82 |   231 |   596 |   281 ||  1190
       Punch             |     1 |     9 |    26 |    22 ||    58
Throw: Dart              |    12 |    18 |    36 |     9 ||    75
       Javelin           |       |       |     9 |    18 ||    27
       Throwing net      |       |       |     4 |     1 ||     5
Invok: Trog's Hand       |       |     1 |    17 |     5 ||    23
  Use: Scroll            |     2 |     8 |    13 |    11 ||    34
 Stab: Sleeping          |     1 |       |       |       ||     1
Armor: Animal skin       |     2 |       |       |       ||     2
       Leather armour    |    16 |    74 |   234 |       ||   324
       Troll leather arm |       |       |     1 |    51 ||    52
Dodge: Dodged            |    38 |   120 |   430 |   164 ||   752
Block: Other             |       |       |       |    21 ||    21
